 Dungeon Crawl Stone Soup version 0.31-a0-188-g5e087ee2ca (webtiles) character file.

Game seed: 12434300928472203109

632 qw the Skirmisher (level 7, -3/40 HPs)
             Began as a Deep Elf Hunter on June 23, 2023.
             Slain by a scorpion (4 damage)
             ... on level 5 of the Dungeon.
             The game lasted 00:01:13 (3448 turns).

qw the Skirmisher (Deep Elf Hunter)                 Turns: 3448, Time: 00:01:13

Health: -3/40      AC:  5    Str: 10    XL:     7   Next: 24%
Magic:  0/9        EV: 17    Int: 14    God:
Gold:   263        SH:  0    Dex: 24    Spells: 6/6 levels left

rFire   . . .        Y - +2 shortbow
rCold   . . .        (shield currently unavailable)
rNeg    . . .        a - +0 ring mail
rPois   .            (no helmet)
rElec   .            (no cloak)
rCorr   .            (no gloves)
SInv    .            (no boots)
Will    .....        g - amulet of guardian spirit
Stlth   ++           d - +6 ring of dexterity
HPRegen 0.26/turn    h - +5 ring of evasion
MPRegen 0.11/turn

%: guardian spirit
@: lethally poisoned (-3 -> -10)
A: no striking features
a: no special abilities


You were on level 5 of the Dungeon.
You visited 1 branch of the dungeon, and saw 5 of its levels.

You collected 263 gold pieces.


   Skills:
 - Level 2.4 Fighting
 + Level 10.5 Ranged Weapons
 - Level 4.1 Dodging
 - Level 1.2 Stealth


You had 6 spell levels left.
You didn't know any spells.
Your spell library was empty.

Inventory:

Hand Weapons
 Y - a +2 shortbow (weapon)
Armour
 a - a +0 ring mail (worn)
Jewellery
 d - a +6 ring of dexterity (left hand)
 g - an amulet of guardian spirit (around neck)
 h - a +5 ring of evasion (right hand)
Scrolls
 c - a scroll of identify
Potions
 b - a potion of enlightenment {unknown}
 f - a potion of curing {unknown}
 j - a potion of ambrosia {unknown}
 k - a potion of degeneration {unknown}
 l - a potion of invisibility {unknown}

Dungeon Overview and Level Annotations

Branches:
Dungeon (5/15)
 Temple: D:4-7

Altars:


Message History

You feel much better.
You feel very sick.
You shoot an arrow.
The arrow closely misses the killer bee.
You feel very sick.
The killer bee stings you but does no damage.
You shoot an arrow.
The arrow closely misses the killer bee.
The arrow hits the killer bee!
The killer bee is heavily wounded.
You feel very sick.
The killer bee closely misses you. x2; The killer bee barely misses you.
The killer bee completely misses you. The killer bee misses you.
You shoot an arrow. The arrow misses the killer bee.
You feel sick. The killer bee barely misses you.
The killer bee closely misses you. The scorpion barely misses you.
The killer bee completely misses you. x3; The killer bee closely misses you.
You shoot an arrow. The arrow barely misses the killer bee.
You feel sick. The killer bee closely misses you.
The killer bee completely misses you.
The killer bee stings you but does no damage.
The killer bee barely misses you. The scorpion closely misses you.
The killer bee barely misses you. x2; The killer bee completely misses you.
The killer bee stings you.
You shoot an arrow. The arrow hits the killer bee.
The killer bee is severely wounded.
You feel sick.
The killer bee barely misses you. x4; The scorpion stings you.
The killer bee stings you but does no damage.
The killer bee completely misses you. The killer bee closely misses you. x2
You shoot an arrow.
The arrow closely misses the killer bee.
The killer bee buzzes angrily.
You feel sick. The killer bee misses you. The killer bee barely misses you.
The killer bee stings you.
You are lethally poisoned!
The killer bee poisons you! The killer bee misses you.
The scorpion barely misses you. The killer bee barely misses you.
The killer bee closely misses you. The killer bee completely misses you.
The killer bee stings you! The scorpion stings you.
You die...

...#......## .
.......<...# ### #.
#..####....# #..#
##.##....#.....##...#
...#.........#.....#
##........##.......#
..#...........%.##.....#
.......yy.......# .....#
.......@y.......y..##..#
......sy.......y.......#
..................##....
............#...... ...
............#....##.
............y..... ..
.##............... ..
##...........


You could see a scorpion and 5 killer bees.

Vanquished Creatures
  A black bear (D:4)
  A phantom (D:4)
  A scorpion (D:5)
  A killer bee (D:5)
  2 orc priests (D:4)
  2 hounds
  A sleepcap (D:4)
  An orc wizard (D:4)
  13 adders
  3 worms
  2 orcs
  4 endoplasms
  2 giant cockroaches
  6 goblins
  2 hobgoblins
  13 jackals
  3 quokkas
  3 ball pythons
  2 bats
  2 frilled lizards
  9 kobolds
  3 rats
77 creatures vanquished.

Notes
Turn   | Place    | Note
-------+----------+-------------------------------------------
     0 | D:1      | qw the Deep Elf Hunter began the quest for the Orb.
     0 | D:1      | Reached XP level 1. HP: 12/12 MP: 3/3
     0 | D:1      | 0 ||| qw: Version: 0.3-a-9-g12657ce
     0 | D:1      | 0 ||| qw: Game counter: 3993
     0 | D:1      | 0 ||| qw: Always use a shield: true
     0 | D:1      | 0 ||| qw: God list: Okawaru
     0 | D:1      | 0 ||| qw: Allow faded altars: false
     0 | D:1      | 0 ||| qw: Do Orc after D:15 true
     0 | D:1      | 0 ||| qw: Do second Lair branch before Depths: true
     0 | D:1      | 0 ||| qw: Lair rune preference: random
     0 | D:1      | 0 ||| qw: Plans: Normal
     0 | D:1      | 0 ||| PLANNING D:1-11
    82 | D:1      | Found a faded altar of an unknown god.
   766 | D:1      | 766 ||| UPGRADING to amulet of guardian spirit.
   771 | D:1      | 771 ||| UPGRADING to +6 ring of dexterity.
   772 | D:1      | 772 ||| READING scroll labelled ICSYKEO QEDALOB.
   773 | D:1      | 773 ||| READING scroll labelled ZIEZIXO CUWEJI.
   774 | D:1      | 774 ||| DROPPING scroll of butterflies.
   807 | D:2      | Reached skill level 6 in Ranged Weapons
   807 | D:2      | Reached XP level 2. HP: 16/16 MP: 4/4
   860 | D:2      | Reached XP level 3. HP: 19/20 MP: 5/5
   990 | D:2      | 990 ||| Stepping ~*~*~tactically~*~*~ (outnumbered).
   994 | D:2      | 994 ||| Stepping ~*~*~tactically~*~*~ (outnumbered).
   997 | D:2      | Reached skill level 7 in Ranged Weapons
  1016 | D:2      | HP: 4/20 [poisoned by an adder]
  1017 | D:2      | Reached skill level 3 in Dodging
  1145 | D:2      | Reached XP level 4. HP: 25/25 MP: 6/6
  1509 | D:2      | 1509 ||| UPGRADING to +5 ring of evasion.
  1510 | D:2      | 1510 ||| READING scroll labelled SUAGE QIOCOERCH.
  1511 | D:2      | 1511 ||| READING scroll labelled SOTOAX LAULIGE.
  1512 | D:2      | 1512 ||| READING scroll labelled LYIXKA BIKIOJ.
  1513 | D:2      | 1513 ||| DRINKING 2 orange potions.
  1605 | D:2      | Identified the +8 dagger of Prudence {spect, rN+}
  1645 | D:2      | 1645 ||| DROPPING potion of lignification.
  1885 | D:3      | Reached skill level 8 in Ranged Weapons
  2012 | D:3      | Reached XP level 5. HP: 29/29 MP: 7/7
  2484 | D:3      | 2484 ||| UPGRADING to +0 ring mail.
  2494 | D:3      | 2494 ||| DROPPING +0 leather armour.
  2495 | D:3      | 2495 ||| READING scroll labelled ERUURI DIATAD.
  2496 | D:3      | 2496 ||| READING scroll labelled BITURA GUSUWEC.
  2514 | D:4      | Noticed a black bear
  2526 | D:4      | Killed a black bear
  2527 | D:4      | Reached skill level 9 in Ranged Weapons
  2528 | D:4      | Noticed a phantom
  2548 | D:4      | Killed a phantom
  2549 | D:4      | Reached XP level 6. HP: 15/36 MP: 2/8
  2554 | D:4      | 2554 ||| FLEEEEING.
  2555 | D:4      | 2555 ||| FLEEEEING.
  2556 | D:4      | 2556 ||| STAIRDANCE
  2709 | D:4      | 2709 ||| FLEEEEING.
  2710 | D:4      | 2710 ||| FLEEEEING.
  2711 | D:4      | 2711 ||| FLEEEEING.
  2768 | D:4      | Reached skill level 10 in Ranged Weapons
  2782 | D:4      | 2782 ||| READING scroll of enchant weapon.
  2782 | D:4      | 2782 ||| ENCHANTING +1 shortbow.
  3398 | D:4      | 3398 ||| READING 2 scrolls labelled ABOKKO WOESMAWK.
  3402 | D:4      | 3402 ||| DRINKING 3 inky potions.
  3412 | D:5      | Entered Level 5 of the Dungeon
  3417 | D:5      | Reached XP level 7. HP: 40/40 MP: 9/9
  3437 | D:5      | HP: 10/40 [killer bee (5)]
  3438 | D:5      | 3438 ||| READING scroll of teleportation.
  3438 | D:5      | HP: 4/40 [killer bee (4)]
  3439 | D:5      | 3439 ||| DRINKING 2 potions of heal wounds.
  3442 | D:5      | 3442 ||| DRINKING potion of heal wounds.
  3448 | D:5      | HP: 10/40 [poisoned by a killer bee]
  3448 | D:5      | HP: 1/40 [killer bee (6)]
  3448 | D:5      | Slain by a scorpion

Levels and vault maps discovered:
D:1:      spicycebolla_arrival_clurvy, layout_basic,
          shapermc_ecumenical_altar_petra
D:2:      minmay_inner_zag, layout_basic, minmay_heptomino_w4
D:3:      layout_basic, nrook_mini_backslash
D:4:      layout_basic
D:5:      layout_cave_pools, mainiacjoe_overflow_surrounded_room

Skill      XL: |  1  2  3  4  5  6 |
---------------+-------------------+-----
Ranged Weapons | 6 7 8 9 10 | 10.5
Dodging        | 3 4 |  4.1
Fighting       | 2 |  2.4
Stealth        | |  1.2

Action                     |  1- 3 |  4- 6 |  7- 9 || total
---------------------------+-------+-------+-------++-------
   Fire: Shortbow          |    77 |   176 |    21 ||   274
    Use: Scroll            |     2 |     7 |     1 ||    10
         Potion            |       |     2 |     2 ||     4
 Armour: Leather armour    |    11 |     1 |       ||    12
         Skin              |       |     2 |       ||     2
         Ring mail         |       |    20 |     4 ||    24
  Dodge: Dodged            |    26 |   107 |    75 ||   208

Table legend:
 A = Non-vault XP
 B = Vault XP
 C = Vault XP percentage of total XP
 D = Non-vault monster count
 E = Vault monster count
 F = Vault count percentage of total count
                 A         B        C        D         E       F
            +---------+---------+-------+---------+---------+-------
      Total |     864 |      40 |   4.4 |      68 |       9 |  11.7
            +---------+---------+-------+---------+---------+-------
        D:1 |       9 |       0 |   0.0 |       6 |       0 |   0.0
        D:2 |     105 |      40 |  27.6 |      18 |       9 |  33.3
        D:3 |      56 |       0 |   0.0 |      13 |       0 |   0.0
        D:4 |     503 |       0 |   0.0 |      28 |       0 |   0.0
        D:5 |     191 |       0 |   0.0 |       3 |       0 |   0.0
            +---------+---------+-------+---------+---------+-------
